Map: Inside and Out

Players

MCanning

  • Race: Protoss Protoss
  • Spawn Location: 1:00

Vindicta - Winner!

  • Race: Terran Terran
  • Spawn Location: 7:00

Event: DreamHack SC2 Masters 2022 Atlanta (Offline)

VOD

Have the link to the VOD?

Description

Time

  • Played on: Nov. 18, 2022, 9:58 a.m.
  • Length: 10:01

All games in this series

Show
View Real Time Build Order
Export as new Build Order

MCanning Protoss 

Build Orders: 1 Gate Expand, Blink Stalkers 

Get SALT Encoding   

  12  0:00  Probe  
  13  0:12  Probe  
  14  0:17  Pylon  
  14  0:24  Probe  
  15  0:36  Gateway, Probe (Chrono Boost)  
  16  0:47  Probe (Chrono Boost), Assimilator  
  17  0:52  Probe (Chrono Boost)  
  18  1:03  Probe  
  19  1:15  Probe  
  20  1:22  Nexus  
  20  1:33  Cybernetics Core  
  20  1:36  Probe  
  21  1:43  Assimilator  
  21  1:48  Probe  
  21  1:52  Pylon  
  22  2:00  Probe (Chrono Boost)  
  23  2:07  Adept (Chrono Boost)  
  22  2:10  Warp Gate  
  22  2:13  Probe (Chrono Boost)  
  25  2:21  Probe (Chrono Boost)  
  26  2:23  Twilight Council  
  26  2:29  Stalker (Chrono Boost)  
  26  2:32  Probe  
  29  2:37  Probe  
  30  2:44  Probe  
  30  2:51  Probe  
  32  2:53  Stalker (Chrono Boost)  
  32  2:57  Probe  
  35  3:03  Probe  
  35  3:05  Gateway  
  36  3:11  Gateway  
  36  3:17  Probe  
  36  3:18  Probe  
  38  3:22  Blink (Chrono Boost)  
  34  3:29  Probe  
  34  3:31  Probe  
  36  3:41  Robotics Facility  
  37  3:43  Probe (Chrono Boost)  
  37  3:44  Probe (Chrono Boost)  
  38  3:51  Pylon  
  38  3:55  Probe (Chrono Boost)  
  38  3:56  Probe (Chrono Boost)  
  38  3:59  Sentry  
  38  4:02  Probe  
  40  4:05  Probe, Assimilator  
  42  4:14  Probe  
  43  4:17  Probe  
  43  4:20  Nexus  
  44  4:24  Pylon  
  44  4:28  Observer  
  44  4:30  Stalker  
  47  4:32  Probe  
  47  4:34  Probe  
  49  4:41  Stalker  
  49  4:44  Probe  
  52  4:47  Probe  
  54  4:53  Observer  
  54  4:54  Stalker  
  54  4:56  Probe  
  54  4:59  Charge (Chrono Boost), Probe  
  58  5:06  Gateway  
  58  5:08  Probe  
  58  5:09  Stalker  
  58  5:11  Probe  
  58  5:13  Gateway  
  62  5:22  Gateway  
  62  5:24  Gateway  
  62  5:30  Robotics Bay  
  62  5:32  Probe x2  
  62  5:34  Pylon  
  62  5:35  Probe  
  65  5:37  Sentry  
  67  5:43  Shield Battery  
  67  5:44  Probe  
  67  5:47  Immortal (Chrono Boost)  
  72  5:52  Probe x2  
  72  5:56  Probe  
  74  6:04  Probe (Chrono Boost)  
  74  6:05  Pylon  
  74  6:09  Probe (Chrono Boost)  
  65  6:11  Stalker  
  65  6:14  Probe (Chrono Boost)  
  65  6:16  Probe (Chrono Boost)  
  67  6:20  Probe (Chrono Boost)  
  67  6:21  Probe (Chrono Boost)  
  67  6:22  Probe (Chrono Boost)  
  68  6:29  Disruptor (Chrono Boost), Probe  
  68  6:32  Probe x2  
  74  6:41  Probe  
  74  6:44  Probe  
  74  6:45  Shield Battery, Probe  
  77  6:52  Dark Shrine  
  77  6:53  Probe  
  78  6:56  Probe  
  78  6:57  Probe  
  80  7:05  Zealot x6  
  80  7:06  Probe  
  93  7:12  Probe x2  
  90  7:18  Probe  
  91  7:24  Probe x2  
  91  7:28  Pylon  
  91  7:29  Pylon  
  92  7:30  Probe  
  92  7:32  Pylon  
  93  7:42  Forge  
  93  7:43  Forge  
  93  7:44  Probe x2  
  93  7:45  Disruptor (Chrono Boost)  
  93  7:50  Stalker  
  93  7:51  Stalker x3  
  92  7:53  Zealot x2  
  92  7:55  Probe  
  95  8:06  Zealot  
  95  8:11  Probe  
  90  8:13  Probe, Pylon  
  90  8:14  Assimilator  
  90  8:15  Zealot x3  
  90  8:18  Assimilator  
  96  8:32  Zealot x4  
  92  8:44  Zealot x3  
  92  8:47  Probe  
  83  8:51  Probe  
  81  9:00  Zealot x4  
  88  9:02  Probe  
  88  9:06  Robotics Facility  
  88  9:08  Probe  
  89  9:11  Robotics Facility  
  89  9:21  Dark Templar  
  89  9:22  Dark Templar  
  93  9:24  Nexus  
  93  9:25  Zealot x2  
  93  9:26  Pylon  
  93  9:29  Probe  
  98  9:35  Zealot x3  
  102  9:44  Probe  
  101  9:48  Gateway x2  
  95  9:58  Zealot x6  
Show
View Real Time Build Order
Export as new Build Order

Vindicta Terran - Winner!

Build Orders:  

Get SALT Encoding   

  12  0:00  SCV  
  13  0:12  SCV  
  14  0:17  Supply Depot  
  14  0:26  SCV  
  15  0:38  SCV  
  15  0:39  Barracks  
  16  0:45  Refinery  
  16  0:50  SCV  
  16  0:54  Refinery  
  17  1:02  SCV  
  18  1:14  SCV  
  19  1:28  Reaper, Orbital Command  
  19  1:30  Supply Depot  
  20  1:43  Factory  
  20  1:54  SCV  
  21  2:00  Reaper  
  22  2:06  SCV  
  23  2:18  SCV  
  24  2:26  Command Center  
  24  2:30  Hellion  
  24  2:32  SCV  
  24  2:35  Barracks Reactor  
  27  2:45  SCV  
  27  2:46  Starport  
  28  2:55  Supply Depot, Widow Mine  
  30  2:59  SCV  
  31  3:17  SCV, Marine x2  
  34  3:20  Widow Mine  
  32  3:27  Medivac  
  32  3:29  SCV  
  35  3:35  Marine x2  
  35  3:38  Orbital Command  
  37  3:41  SCV  
  37  3:43  Factory Tech Lab  
  38  3:52  Marine x2  
  38  3:53  SCV  
  41  3:56  Barracks  
  41  3:59  Barracks  
  41  4:00  Starport Tech Lab  
  41  4:06  SCV  
  41  4:08  SCV  
  45  4:11  Siege Tank  
  45  4:16  Bunker  
  46  4:21  Raven  
  49  4:24  SCV  
  49  4:26  SCV  
  49  4:28  Marine  
  51  4:34  Supply Depot  
  51  4:36  SCV  
  51  4:37  Marine  
  53  4:39  SCV  
  54  4:49  Barracks Tech Lab  
  54  4:55  Supply Depot, SCV x2, Siege Tank  
  54  4:56  Marine  
  60  5:07  SCV x2  
  60  5:10  Refinery  
  62  5:14  Stimpack  
  62  5:16  Marine x2  
  62  5:17  Engineering Bay  
  62  5:18  Marauder  
  62  5:19  SCV, Starport Reactor  
  62  5:20  SCV  
  67  5:25  Supply Depot  
  67  5:30  Marine  
  67  5:31  SCV  
  67  5:32  SCV  
  70  5:35  Refinery  
  70  5:36  Supply Depot  
  70  5:42  Combat Shield  
  70  5:46  SCV x2, Marine x2  
  70  5:47  Supply Depot, Marauder  
  76  5:50  Terran Infantry Weapons Level 1  
  76  5:55  Marine  
  76  5:58  SCV  
  76  6:00  Supply Depot  
  76  6:01  Medivac  
  79  6:09  SCV  
  80  6:14  Marauder  
  80  6:16  Marine  
  83  6:19  Marauder  
  83  6:20  SCV  
  83  6:21  SCV, Factory Reactor  
  83  6:24  Supply Depot, Command Center, Medivac  
  89  6:29  Marine  
  89  6:32  Medivac  
  92  6:34  Marine  
  92  6:35  Marauder  
  94  6:42  Marine  
  95  6:47  Supply Depot, Marine  
  95  6:50  SCV x2  
  95  6:52  Barracks, Marine  
  99  6:54  Medivac  
  99  6:56  Barracks  
  99  6:57  Marauder  
  101  7:02  SCV, Concussive Shells  
  101  7:05  Marine x2  
  101  7:06  SCV  
  105  7:11  Supply Depot  
  105  7:13  Widow Mine  
  105  7:14  SCV  
  108  7:17  Marine  
  108  7:18  SCV, Marauder  
  111  7:23  Marauder  
  111  7:26  SCV, Widow Mine  
  113  7:30  Medivac  
  113  7:32  Medivac  
  113  7:34  Marine  
  113  7:35  Widow Mine  
  113  7:36  SCV  
  121  7:38  SCV  
  121  7:39  Marauder  
  121  7:40  Marauder  
  126  7:46  Marauder  
  126  7:48  SCV  
  126  7:50  SCV  
  129  7:53  Orbital Command  
  129  7:55  Barracks Reactor  
  129  7:59  Terran Infantry Armor Level 1  
  129  8:00  SCV  
  129  8:01  Marauder  
  129  8:02  SCV, Marauder  
  133  8:12  Supply Depot, Marine  
  133  8:14  Supply Depot  
  133  8:15  SCV  
  133  8:16  Marine  
  133  8:19  Widow Mine x2  
  140  8:23  Refinery  
  140  8:26  SCV  
  141  8:28  Marauder  
  73  8:34  Medivac x2  
  141  8:35  Marauder, Marine  
  141  8:36  Supply Depot  
  141  8:37  Supply Depot, SCV  
  141  8:38  Supply Depot  
  143  8:42  SCV  
  143  8:45  Marine x2  
  143  8:46  Marauder  
  143  8:48  Marine  
  134  8:49  Marauder  
  134  8:50  SCV  
  134  8:53  Marine  
  139  8:56  Marauder  
  139  8:57  SCV x2  
  139  8:58  Refinery  
  143  9:03  Widow Mine  
  143  9:04  SCV  
  143  9:05  Marine  
  143  9:07  Command Center, Marine  
  143  9:08  Marine  
  143  9:09  SCV  
  149  9:13  Marine  
  149  9:14  Marauder  
  149  9:16  SCV, Missile Turret  
  149  9:17  Supply Depot, Marine  
  149  9:18  Missile Turret  
  149  9:22  Marauder  
  149  9:23  Marine  
  149  9:24  Supply Depot  
  152  9:25  Medivac  
  152  9:30  Marine x2  
  156  9:35  SCV, Marauder  
  162  9:43  Marine  
  164  9:49  SCV  
Tags
 
Add a new tag
Caveats
  • Supply blocks, unpowered buildings, or Contaminate may cause inaccurate times.
  • Supply counts are checked every 10 seconds.